 Dungeon Crawl Stone Soup version 0.13-a0-2776-g5b28ffd (webtiles) character file.

175 Ploo the Practitioner (level 2, -3/26 HPs)
             Began as a Deep Dwarf Healer on Aug 24, 2013.
             Was a Believer of Elyvilon.
             Slain by a worm (6 damage)
             ... on Level 1 of the Dungeon on Aug 25, 2013.
             The game lasted 00:16:27 (1302 turns).

Ploo the Practitioner (Deep Dwarf Healer)           Turns: 1302, Time: 00:16:27

HP  -3/26        AC  3     Str 15      XL: 2   Next: 89%
MP   4/4         EV 13     Int 12      God: Elyvilon [**....]
Gold 149         SH  0     Dex 12      Spells:  0 memorised,  1 level left

Res.Fire  : . . .   See Invis. : .   o - +2 elf short sword
Res.Cold  : . . .   Warding    : .   a - +1 robe
Life Prot.: . . .   Conserve   : .   (no shield)
Res.Poison: .       Res.Corr.  : .   (no helmet)
Res.Elec. : .       Clarity    : .   (no cloak)
Sust.Abil.: . .     Spirit.Shd : .   (no gloves)
Res.Mut.  : .       Stasis     : .   (no boots)
Res.Rott. : .       Flight     : .   (no amulet)
Saprovore : . . .                    (no ring)
                                     (no ring)

@: non-regenerating, slightly resistant to hostile enchantments, unstealthy
A: damage resistance, recharge devices, sense surroundings 1, slow healing 3
a: Device Recharging, Lesser Healing, Lesser Self-Healing, Divine Protection,
Purification, Renounce Religion


You were on level 1 of the Dungeon.
You worshipped Elyvilon.
Elyvilon was most pleased with you.
You were not hungry.

You visited 1 branch of the dungeon, and saw 1 of its levels.

You collected 49 gold pieces.

Inventory:

Hand weapons
 h - a +0,+0 club
 l - a +0,+0 orcish club
 o - a +2,+2 elven short sword (weapon)
Missiles
 e - 17 arrows
 g - 6 darts (quivered)
 k - 29 sling bullets
 p - 17 poisoned needles
Armour
 a - a +1 robe (worn)
 j - a +0 leather armour
Magical devices
 d - a wand of heal wounds (3)
Comestibles
 f - 3 bread rations
 n - a rotting chunk of rat flesh
 q - 2 chunks of hobgoblin flesh
 s - a chunk of bat flesh
Scrolls
 i - 3 scrolls of remove curse {unknown}
 t - a scroll of teleportation
Potions
 b - a potion of curing
 c - a potion of heal wounds
 m - a potion of mutation {unknown}


   Skills:
 + Level 1.9 Fighting
 + Level 0.1 Short Blades
 + Level 3.2 Dodging
 + Level 0.6 Stealth
 + Level 5.0 Invocations


You had one spell level left.
You didn't know any spells.

Dungeon Overview and Level Annotations

Branches:
Dungeon (1/27)

Altars:


Innate Abilities, Weirdness & Mutations

You are resistant to damage.
You can recharge devices by infusing magical energy.
You passively map a small area around you.
You do not heal naturally.


Message History

There is an escape hatch in the floor here.
Eat which item? (? for menu, Esc to quit)
You aren't quite hungry enough to eat that!
You smell something rotten. (slot n)
There is an open door here.
A worm comes into view.
The worm bites you.
You hit the worm.
The worm is lightly wounded.
The worm bites you!
You completely miss the worm.
The worm is lightly wounded.
You hit the worm.
The worm is lightly wounded.
The worm bites you!
* * * LOW HITPOINT WARNING * * *
You hit the worm.
The worm is lightly wounded.
The worm bites you!
You die...

#.#.....####....%........#
#.#..........((...######.#
#.#.....######(#### #.* #.#.....#
#.# #.#### #.####### #.# *....#
#.# ##'## *,#...# #.# ##...##
...* #.# ## ##.....## ###.#
#.##.## ##...@w..## ##.#.#
###.....####.........####....####
#..........'.......)>'...........
#.##....#.##.........####....####
#.##...##.###.......## ##.#.#
#.##..###.# ##.....## ###.#
#.##..# #.# ##...## #.# #.###.#
#.# ##'## #.# #.###.# #.#
#.######### #.#


You could see a worm.

Vanquished Creatures
  A giant gecko (D:1)
  An ooze (D:1)
  2 giant cockroaches (D:1)
  A goblin (D:1)
  5 hobgoblins (D:1)
  5 kobolds (D:1)
  2 bats (D:1)
  A giant newt (D:1)
  7 rats (D:1)
25 creatures vanquished.

Notes
Turn   | Place    | Note
--------------------------------------------------------------
     0 | D:1      | Ploo, the Deep Dwarf Healer, began the quest for the Orb.
     0 | D:1      | Reached XP level 1. HP: 19/19 MP: 2/2
   337 | D:1      | Reached skill level 5 in Invocations
   559 | D:1      | Reached XP level 2. HP: 26/26 MP: 4/4
  1302 | D:1      | Slain by a worm

Action                   || total
-------------------------++-------
Melee: Club              ||    44
       Unarmed           ||    11
       Short sword       ||    64
Invok: Lesser Healing    ||     1
Evoke: Wand              ||     2
  Use: Scroll            ||     2
       Potion            ||     1
